 Dungeon Crawl Stone Soup version 0.22-a0-480-g991dd4b (webtiles) character file.

1381 KillYourself the Carver (level 8, -1/105 HPs)
             Began as a White Draconian Berserker on June 16, 2018.
             Was a Priest of Trog.
             Slain by a gnoll sergeant
             ... wielding a +0 spear of distortion
              (18 damage)
             ... on level 5 of the Dungeon.
             The game lasted 00:20:03 (4211 turns).

KillYourself the Carver (White Draconian Berserker) Turns: 4211, Time: 00:20:04

Health: -1/105     AC:  8    Str: 26    XL:     8   Next: 39%
Magic:  8/8        EV: 14    Int:  8    God:    Trog [***...]
Gold:   70         SH:  0    Dex: 11    Spells: 7/7 levels left

rFire    + . .     SeeInvis .   o - +0 great sword
rCold    . . .     Gourm    .   (shield currently unavailable)
rNeg     . . .     Faith    .   (armour unavailable)
rPois    .         Spirit   .   (helmet restricted)
rElec    .         Reflect  .   s - +0 cloak
rCorr    .         Harm     .   g - +0 pair of gloves (curse)
MR       ++...                  (no boots)
Stlth    ..........             (no amulet)
HPRegen  1.27/turn              l - ring of flight
MPRegen  0.11/turn              r - ring of fire

@: berserking, regenerating, very quick
A: breathe frost, unfitting armour, talons 1, cold resistance 1, cold-blooded,
AC +6
a: Breathe Frost, Berserk, Trog's Hand, Renounce Religion, Evoke Flight


You were on level 5 of the Dungeon.
You worshipped Trog.
Trog was most pleased with you.
You were not hungry.

You visited 1 branch of the dungeon, and saw 5 of its levels.
You also visited: Sewer.

You collected 276 gold pieces.
You spent 206 gold pieces at shops.

Inventory:

Hand Weapons
 a - a +0 falchion
 o - a +0 great sword (weapon)
Armour
 g - a cursed +0 pair of gloves (worn)
 s - a +0 cloak (worn)
Jewellery
 l - a ring of flight (left hand)
 r - a ring of fire (right hand)
Wands
 q - a wand of random effects (24)
Scrolls
 c - 3 scrolls of enchant armour {unknown}
 d - 2 scrolls of remove curse {unknown}
 e - a scroll of fear {unknown}
 f - 7 scrolls of identify {unknown}
 h - a scroll of teleportation {unknown}
 j - a scroll of noise {unknown}
 k - a scroll of magic mapping {unknown}
 n - a scroll of blinking {unknown}
 p - 2 scrolls of immolation {unknown}
Potions
 i - 2 potions of haste
 m - 2 potions of curing
Comestibles
 b - 9 rations


   Skills:
 + Level 5.8 Fighting
 + Level 8.2 Long Blades
 + Level 4.6 Dodging
 + Level 3.2 Stealth


You had 7 spell levels left.
You didn't know any spells.
Your spell library was empty.

Dungeon Overview and Level Annotations

Branches:
Dungeon (5/15)             Temple (0/1) D:5

Altars:
Cheibriados
Fedhas
Makhleb
Wu Jian
Zin

Shops:
D:5 [

Annotations:
D:5 1 transporter


Innate Abilities, Weirdness & Mutations

You can breathe waves of freezing cold.
You can buffet flying creatures when you breathe cold.
Your icy white scales are hard. (AC +6)
You cannot fit into any form of body armour.
Your flesh is cold resistant. (rC+)
You are cold-blooded and may be slowed by cold attacks.
You have sharp toenails.


Message History

The crimson imp is almost dead.
The gnoll sergeant hits you from afar with a spear of distortion.
Space warps horribly around you! The crimson imp closely misses you.
You hit the crimson imp. Your kick misses the crimson imp.
The crimson imp is almost dead.
The troll bites you!!
* * * LOW HITPOINT WARNING * * *
The troll closely misses you. The troll barely misses you.
The gnoll sergeant misses you. The crimson imp barely misses you.
The big kobold hits you but does no damage.
You slice the big kobold!!
You kill the big kobold!
Trog accepts your kill. The troll closely misses you. The troll claws you.
* * * LOW HITPOINT WARNING * * *
The troll misses you.
The gnoll sergeant hits you from afar with a spear of distortion.
* * * LOW HITPOINT WARNING * * *
Space warps horribly around you!
You die...

#.# #........# #.# #. #.#
#........# #.# #. #.# #........#
#.# #. #.# #........###### #.# #.
#.# ##.....©.......####.# #. #.#
#..#########........###.
#.########.##8...g.8##.........[.
#>.........#....T5...#...........
#.#######..#.##.@†##.#.......####
#.# #..#.##...##.#.#.)...# #.#
#..#©........#.#.)...# #.#
#..#.##...##.#.#.....# #.#
#..#.##...##.#.#.....# #.#
#..#5.!)..$..#.#####.# #.#
#..##8.___$8##.# #.# #.#
##..#########..#####.#### #.#
######.....©.....###.##.#...


You could see a troll, a gnoll sergeant and a crimson imp.

Vanquished Creatures
  Menkaure (D:4)
  An ice beast (D:5)
  A black bear (D:5)
  A sky beast (D:5)
  2 ogres
  A crocodile (Sewer)
  A big kobold (D:5)
  2 scorpions (D:5)
  A howler monkey (D:4)
  2 crimson imps (D:5)
  A bullfrog skeleton (D:5)
  A hound (D:5)
  2 orc priests (D:5)
  2 orc wizards (D:5)
  2 worker ants
  Terence (D:3)
  Natasha (D:4)
  3 gnolls (D:2)
  8 adders
  2 shadow imps (D:5)
  An adder skeleton (D:4)
  5 worms
  2 dart slugs (D:2)
  The ghost of Amnesiac the Charlatan, a weakling SpAr (D:3)
  8 orcs (D:5)
  6 ball pythons
  8 bats
  2 giant cockroaches
  3 goblins
  6 hobgoblins
  3 kobolds
  A quokka (D:5)
  3 frilled lizards
  A giant cockroach zombie (D:5)
  A leopard gecko zombie (D:5)
  8 rats
95 creatures vanquished.

Notes
Turn   | Place    | Note
-------+----------+-------------------------------------------
     0 | D:1      | KillYourself the Draconian Berserker began the quest for the Orb.
     0 | D:1      | Reached XP level 1. HP: 19/19 MP: 1/1
   236 | D:1      | Reached XP level 2. HP: 26/26 MP: 2/2
   876 | D:2      | Reached XP level 3. HP: 33/33 MP: 3/3
   883 | D:2      | Reached ** piety under Trog
  1104 | D:2      | Found a snail-covered altar of Cheibriados.
  1139 | D:2      | Reached XP level 4. HP: 31/40 MP: 4/4
  1242 | D:2      | Reached skill level 4 in Long Blades
  1294 | D:2      | You fall through a shaft for 2 floors!
  1350 | D:3      | Noticed Amnesiac's ghost (weakling SpAr)
  1359 | D:3      | Killed Amnesiac's ghost
  2063 | D:3      | Noticed Terence
  2073 | D:3      | Killed Terence
  2170 | D:3      | Found a glowing silver altar of Zin.
  2487 | D:4      | Reached skill level 1 in Stealth
  2487 | D:4      | Reached XP level 5. HP: 42/46 MP: 5/5
  2630 | D:4      | Noticed Menkaure
  2637 | D:4      | Killed Menkaure
  2637 | D:4      | Reached skill level 5 in Long Blades
  2637 | D:4      | Reached XP level 6. HP: 32/53 MP: 6/6
  2816 | D:4      | Noticed Natasha
  2820 | D:4      | Killed Natasha
  2960 | D:5      | Entered Level 5 of the Dungeon
  2993 | D:5      | Found a glowing drain.
  3004 | Sewer    | Entered a sewer
  3040 | Sewer    | Your scales start taking on an icy white colour.
  3040 | Sewer    | Reached XP level 7. HP: 60/60 MP: 7/7
  3040 | Sewer    | Gained mutation: Your flesh is cold resistant. (rC+) [White Draconian growth]
  3083 | Sewer    | Gained mutation: You have sharp toenails. [potion of mutation]
  3083 | Sewer    | Gained mutation: Scrolls take you a little longer to read. [potion of mutation]
  3083 | Sewer    | Gained mutation: You possess an exceptional clarity of mind. [potion of mutation]
  3098 | D:5      | Reached skill level 6 in Long Blades
  3117 | D:5      | Reached skill level 5 in Fighting
  3352 | D:5      | Reached *** piety under Trog
  3392 | D:5      | Found Pumuv's Antique Armour Boutique.
  3429 | D:5      | Lost mutation: You possess an exceptional clarity of mind. [potion of mutation]
  3429 | D:5      | Lost mutation: Scrolls take you a little longer to read. [potion of mutation]
  3429 | D:5      | Lost mutation: You have sharp toenails. [potion of mutation]
  3429 | D:5      | Gained mutation: You are weak. (Str -2) [potion of mutation]
  3429 | D:5      | Gained mutation: You have sharp toenails. [potion of mutation]
  3429 | D:5      | Lost mutation: You are weak. (Str -2) [potion of mutation]
  3489 | D:5      | Reached skill level 7 in Long Blades
  3636 | D:5      | Found a transporter.
  3657 | D:5      | Found a transporter.
  3661 | D:5      | Noticed a troll
  3663 | D:5      | Found an ornate altar of the Wu Jian Council.
  3665 | D:5      | Found a blossoming altar of Fedhas.
  3665 | D:5      | Found a burning altar of Makhleb.
  3705 | D:5      | Found a staircase to the Ecumenical Temple.
  3711 | D:5      | Reached XP level 8. HP: 46/69 MP: 8/8
  3889 | D:5      | Bought a pair of gloves for 103 gold pieces
  3889 | D:5      | Bought a cloak for 103 gold pieces
  3934 | D:5      | Reached skill level 8 in Long Blades
  4211 | D:5      | Slain by a gnoll sergeant

Vault maps used:
D:1:      lightli_iron_boxes, moated_statue, due_unseen_surprise
D:2:      lemuel_round_altar, first_ration
D:3:      nicolae_overflow_crystal_walls, uniq_terence
D:4:      uniq_menkaure, uniq_natasha
D:5:      black_bear_nest_2, gammafunk_temple_overflow_arena,
          minmay_temple_entry_glass, serial_shops, shop,
          cheibrodos_sewer_entry_sluice
Sewer:    sewer_big_baddie

Skill      XL: |  1  2  3  4  5  6  7  8 |
---------------+-------------------------+-----
Dodging        | 3 4 |  4.6
Fighting       | 4 5 |  5.8
Long Blades    | 4 5 7 8 |  8.2
Stealth        | 1 2 3 |  3.2

Action                   |  1- 3 |  4- 6 |  7- 9 || total
-------------------------+-------+-------+-------++-------
Melee: Falchion          |    73 |    68 |       ||   141
       Tailslap          |     9 |    14 |     5 ||    28
       Great sword       |       |    27 |    75 ||   102
       Kick              |       |       |    24 ||    24
Invok: Berserk           |     1 |     6 |     5 ||    12
       Trog's Hand       |       |       |     1 ||     1
 Abil: Breathe Frost     |       |       |     1 ||     1
  Use: Potion            |       |     4 |     3 ||     7
 Stab: Sleeping          |     1 |     1 |     3 ||     5
  Eat: Chunk             |     2 |     7 |     6 ||    15
       Ration            |       |     1 |     1 ||     2
Armor: Skin              |    21 |    30 |    28 ||    79
Dodge: Dodged            |    45 |    68 |    66 ||   179
       Rpst.: Falchion   |    13 |    14 |       ||    27
       Great sword       |       |     7 |    17 ||    24

Table legend:
 A = Spawn XP
 B = Non-spawn XP
 C = Spawn XP percentage of total XP
 D = Spawn monster count
 E = Non-spawn monster count
 F = Spawn count percentage of total count
 G = Total turns spent on level
                    A         B        C        D         E        F      G
               +---------+---------+-------+---------+---------+-------+---------
         Total |       0 |    1974 |   0.0 |       0 |      95 |   0.0 |  4211
               +---------+---------+-------+---------+---------+-------+---------
           D:1 |       0 |      20 |   0.0 |       0 |      12 |   0.0 |   694
           D:2 |       0 |     112 |   0.0 |       0 |      26 |   0.0 |  1091
           D:3 |       0 |      57 |   0.0 |       0 |       6 |   0.0 |   547
           D:4 |       0 |     431 |   0.0 |       0 |       8 |   0.0 |   628
           D:5 |       0 |    1245 |   0.0 |       0 |      37 |   0.0 |  1168
         Sewer |       0 |     109 |   0.0 |       0 |       6 |   0.0 |    83
               +---------+---------+-------+---------+---------+-------+---------
